 Dungeon Crawl Stone Soup version 0.26-a0-812-g31a745ddcd (webtiles) character file.

Game seed: 8432945422806322492

54840 BuddyBo the Impaler (level 14, 0/130 HPs)
             Began as a Grey Draconian Berserker on Nov 24, 2020.
             Was an Elder of Trog.
             Slain by a mana viper (7 damage)
             ... on level 2 of the Snake Pit on Nov 26, 2020.
             The game lasted 01:52:22 (31937 turns).

BuddyBo the Impaler (Grey Draconian Berserker)     Turns: 31937, Time: 01:52:23

Health: 0/130      AC: 15    Str: 24    XL:     14   Next: 36%
Magic:  5/14       EV: 21    Int:  9    God:    Trog [****..]
Gold:   506        SH:  0    Dex: 19    Spells: 13/13 levels left

rFire    . . .     SeeInvis +   y - +5 demon trident
rCold    . . .     Faith    .   (no shield)
rNeg     . . .     Spirit   .   (armour unavailable)
rPois    .         Reflect  .   (helmet restricted)
rElec    .         Harm     .   J - scarf {repulsion}
rCorr    .         Rampage  .   Q - +1 pair of gloves {Dex+3}
MR       +....                  (no boots)
Stlth    ++++......             (no amulet)
HPRegen  0.31/turn              T - +6 ring of dexterity
MPRegen  0.14/turn              m - ring of see invisible

@: berserk cooldown, slowed, repel missiles, very slow
A: walk through water, unfitting armour, unbreathing, cold-blooded, AC +13
a: Berserk, Trog's Hand, Brothers in Arms, Renounce Religion


You were on level 2 of the Snake Pit.
You worshipped Trog.
Trog was greatly pleased with you.
You visited 3 branches of the dungeon, and saw 20 of its levels.
You also visited: Gauntlet.

You collected 979 gold pieces.
You spent 473 gold pieces at shops.

Inventory:

Hand Weapons
 a - a +0 spear
 f - a +0 spear
 s - a +1 trident of flaming
 y - a +5 demon trident (weapon)
 P - a +1 vorpal trident
 Y - a +3 halberd of flaming
Missiles
 R - 28 javelins (quivered)
Armour
 D - the +3 ring mail of Depression {rC- rCorr MP+9 Dex+10, unknown}
   (You found it on level 9 of the Dungeon)

   It affects your dexterity (+10).
   It makes you vulnerable to cold.
   It affects your magic capacity (+9).
   It provides partial protection from all sources of acid and corrosion.
 F - a +0 tower shield
 J - a scarf of repulsion (worn)
 Q - a +1 pair of gloves of dexterity (worn)
Jewellery
 m - a ring of see invisible (right hand)
 q - an uncursed ring of ice
 u - an uncursed ring of teleportation
 B - an uncursed ring of wizardry
 I - an uncursed ring of resist corrosion
 K - an uncursed ring of ice
 T - a +6 ring of dexterity (left hand)
 U - an uncursed ring of magical power
Wands
 n - a wand of iceblast (12)
 A - a wand of disintegration (25)
 C - a wand of digging (5)
 L - a wand of flame (58)
 N - a wand of polymorph (26)
 S - a wand of paralysis (8)
Scrolls
 b - a scroll of fog
 c - a scroll of noise {unknown}
 g - 9 scrolls of remove curse
 h - 2 scrolls of random uselessness
 i - 2 scrolls of fear
 k - 3 scrolls of enchant armour
 l - 3 scrolls of amnesia
 p - 3 scrolls of magic mapping
 v - a scroll of summoning {unknown}
 w - 4 scrolls of immolation
 H - a scroll of vulnerability
 O - 2 scrolls of acquirement {unknown}
 V - 4 scrolls of identify
Potions
 d - a potion of cancellation {unknown}
 e - a potion of might
 j - a potion of curing
 o - 4 potions of magic {poopoowater}
 t - 3 potions of degeneration
 x - 3 potions of lignification
 z - 5 potions of mutation
 G - 3 potions of haste
 M - a potion of invisibility {unknown}
Miscellaneous
 E - a lightning rod (4/4)
 W - a lightning rod (4/4)
 X - a phial of floods


   Skills:
 + Level 13.7 Fighting
 + Level 15.5 Polearms
 + Level 1.4 Throwing
 + Level 11.2 Dodging
 + Level 6.2 Stealth
 + Level 7.9 Shields
 + Level 0.7 Evocations


You had 13 spell levels left.
You didn't know any spells.
Your spell library was empty.

Dungeon Overview and Level Annotations

Branches:
Dungeon (12/15)            Temple (0/1) D:5            Lair (6/6) D:8
  Snake (2/4) Lair:4          Orc (0/2) D:10        Gauntlet (visited)
  Swamp: Lair:2-4    Shoals: Lair:2-4    Spider: Lair:2-4     Slime: Lair:5-6

Altars:
Ashenzari
Cheibriados
Dithmenos
Elyvilon
Fedhas
Gozag
Hepliaklqana
Kikubaaqudgha
Makhleb
Nemelex Xobeh
Sif Muna
Trog
Vehumet
Wu Jian
Zin

Shops:
D:4 *   D:7 *   D:8 (   D:9 [*??   D:11 (   Snake:1 *:


Innate Abilities, Weirdness & Mutations

You can walk through water.
Your dull iron-grey scales are very hard. (AC +13)
You cannot fit into any form of body armour.
You can survive without breathing.
You are cold-blooded and may be slowed by cold attacks.


Message History

As you read the scroll of teleportation, it crumbles to dust.
You feel strangely stable.
The nagaraja gestures at you while chanting.
The poison arrow is repelled.
The nagaraja gestures wildly while chanting.
The nagaraja seems to speed up.
The nagaraja casts a spell at you.
The poison arrow is repelled.
The nagaraja spits poison at you. The splash of poison misses you.
The mana viper bites you.
* * * LOW HITPOINT WARNING * * *
You feel your power leaking away. The mana viper bites you!
* * * LOW HITPOINT WARNING * * *
You feel your power leaking away. The mana viper completely misses you.
The nagaraja spits poison at you.
The splash of poison is repelled.
The mana viper bites you!
You die...

.###..(..###.....#######..##..<..
#.#.#.).#.#.#####.#........#.....
.##.#.).#.#.........####.........
..'.#.♣.#.'...♣...#.# ##........
..#.#...#.#....)..'.# ##.......
#.#.#...#.#.#####.#### ##....##
.###....)###.....##..#####...###
## ###'###.#######....##(..(..###
##...##.....S@................
#.....#.......................
#♣.>.♣#...N.............(.....
#.....#..........).......)....
##.♣.##......................#
#####..............#......###
#..............)##......#
##...........###........#
........).####...........


You could see a nagaraja (fast, catching breath) and a mana viper.

Vanquished Creatures
  A nagaraja (Snake:2)
  A minotaur (Gauntlet)
  Snorg (D:11)
  4 hydras
  Harold (D:11)
  5 naga warriors
  A catoblepas (Lair:2)
  3 anacondas
  2 two-headed ogres
  2 death yaks (Lair:5)
  4 naga sharpshooters
  3 shock serpents (Snake:2)
  A fire crab (Gauntlet)
  An unseen horror (D:10)
  2 naga ritualists (Snake:2)
  An ugly thing (D:11)
  4 mana vipers (Snake:2)
  2 salamanders (Snake:1)
  3 centaur zombies
  A guardian serpent (Snake:2)
  6 black mambas
  8 naga magi
  An eye of devastation (Gauntlet)
  8 cane toads
  A rime drake (Lair:4)
  7 komodo dragons
  2 trolls
  2 polar bears (Lair:5)
  2 wolf spider simulacra (Gauntlet)
  A hornet (D:10)
  7 blink frogs
  2 centaur simulacra (Gauntlet)
  A wyvern (Lair:1)
  2 basilisks
  4 fire bats (Gauntlet)
  53 yaks
  A warg (D:10)
  7 nagas
  8 water moccasins
  2 floating eyes (Gauntlet)
  A black bear (D:7)
  9 orc warriors
  2 sky beasts
  5 ice beasts
  An ice dragon simulacrum (Gauntlet)
  7 ogres
  A necrophage (D:10)
  20 wolves
  3 centaurs
  17 bullfrogs
  5 big kobolds
  2 scorpions
  7 killer bees
  10 howler monkeys
  5 wights (D:6)
  A bullfrog zombie (D:6)
  7 orc priests
  A bullfrog skeleton (D:10)
  2 centaur skeletons
  5 hounds
  2 jellies
  3 iguanas
  12 orc wizards
  Natasha (thrice) (D:4)
  8 worker ants
  A killer bee zombie (D:7)
  A hound zombie (D:7)
  6 gnolls
  15 adders
  2 shadow imps
  2 white imps
  3 ufetubi
  2 oozes
  3 worms
  2 dart slugs
  6 leopard geckos
  47 orcs
  4 ball pythons
  4 giant cockroaches
  3 goblins
  5 hobgoblins
  15 jackals
  27 kobolds
  4 quokkas
  4 bats
  3 frilled lizards
  A leopard gecko skeleton (D:4)
  A quokka skeleton (D:4)
  10 rats
478 creatures vanquished.

Vanquished Creatures (others)
  3 bushes
  35 fungi
  33 plants
71 creatures vanquished.

Grand Total: 549 creatures vanquished

Notes
Turn   | Place    | Note
-------+----------+-------------------------------------------
     0 | D:1      | BuddyBo the Draconian Berserker began the quest for the
                  | Orb.
     0 | D:1      | Reached XP level 1. HP: 19/19 MP: 1/1
   150 | D:1      | Reached XP level 2. HP: 26/26 MP: 2/2
   700 | D:2      | Reached XP level 3. HP: 28/33 MP: 3/3
   831 | D:2      | Found a bloodstained altar of Trog.
  1053 | D:2      | Reached ** piety under Trog
  1149 | D:2      | Found a faded altar of an unknown god.
  1149 | D:2      | Found a faded altar of an unknown god.
  1155 | D:2      | Found a snail-covered altar of Cheibriados.
  1160 | D:2      | Found a hazy altar of Hepliaklqana.
  1162 | D:2      | Found a sparkling altar of Nemelex Xobeh.
  1375 | D:3      | Reached XP level 4. HP: 32/40 MP: 4/4
  1679 | D:3      | Reached skill level 4 in Polearms
  1682 | D:3      | Found a shadowy altar of Dithmenos.
  2032 | D:4      | Found a broken altar of Ashenzari.
  2079 | D:4      | Noticed Natasha
  2094 | D:4      | Killed Natasha
  2324 | D:4      | Noticed Natasha
  2342 | D:4      | Killed Natasha
  2342 | D:4      | Reached XP level 5. HP: 47/47 MP: 5/5
  2376 | D:4      | Noticed Natasha
  2378 | D:4      | Found a radiant altar of Vehumet.
  2386 | D:4      | HP: 2/47 [Natasha/magic dart (7)]
  2659 | D:4      | Killed Natasha
  2853 | D:4      | Found Igoteis's Assorted Antiques.
  2857 | D:4      | Bought a scroll of identify for 62 gold pieces
  2940 | D:4      | Reached skill level 1 in Stealth
  2972 | D:5      | Entered Level 5 of the Dungeon
  2980 | D:5      | Reached skill level 5 in Polearms
  3358 | D:5      | Noticed an ogre
  3415 | D:5      | Noticed an ogre
  3603 | D:5      | Found a staircase to the Ecumenical Temple.
  3617 | D:5      | Reached XP level 6. HP: 55/55 MP: 6/6
  3707 | D:5      | Noticed an ice beast
  3715 | D:5      | Reached *** piety under Trog
  3718 | D:5      | Killed an ice beast
  3718 | D:5      | Reached skill level 5 in Fighting
  3899 | D:5      | Your scales start taking on a dull iron-grey colour.
  3899 | D:5      | Reached XP level 7. HP: 61/61 MP: 7/7
  3899 | D:5      | Gained mutation: You can survive without breathing. [Grey
                  | Draconian growth]
  3979 | D:5      | Reached skill level 6 in Polearms
  4052 | D:5      | Found a white marble altar of Elyvilon.
  4397 | D:6      | Found an opulent altar of Gozag.
  4397 | D:6      | Found a glowing silver altar of Zin.
  4563 | D:6      | Reached skill level 7 in Polearms
  5011 | D:6      | Reached XP level 8. HP: 64/70 MP: 8/8
  5611 | D:6      | Reached skill level 5 in Dodging
  5925 | D:7      | Found Zorubrorch's Lightly-Used Armoury.
  5970 | D:7      | Bought a -2 demon trident for 80 gold pieces
  6028 | D:7      | Reached skill level 8 in Polearms
  6039 | D:7      | Reached **** piety under Trog
  6230 | D:7      | Found a shimmering blue altar of Sif Muna.
  7171 | D:7      | Reached XP level 9. HP: 76/78 MP: 9/9
  7446 | D:7      | Reached skill level 9 in Polearms
  7837 | D:8      | Found Maupnete's Weapon Shoppe.
  7915 | D:8      | Found a burning altar of Makhleb.
  8439 | D:8      | Found a staircase to the Lair.
  8445 | D:8      | Reached skill level 10 in Polearms
  9068 | D:8      | Found a blossoming altar of Fedhas.
  9068 | D:8      | Found an ancient bone altar of Kikubaaqudgha.
  9142 | D:8      | Found an ornate altar of the Wu Jian Council.
  9188 | Lair:1   | Entered Level 1 of the Lair of Beasts
  9212 | Lair:1   | Noticed a cane toad
  9225 | Lair:1   | Killed a cane toad
  9361 | Lair:1   | Reached XP level 10. HP: 88/88 MP: 10/10
  9528 | Lair:1   | Noticed a cane toad
  9728 | Lair:1   | Killed a cane toad
 10060 | Lair:1   | Noticed a six-headed hydra
 10067 | Lair:1   | Reached skill level 11 in Polearms
 10494 | Lair:1   | Noticed a four-headed hydra
 10952 | D:9      | Got a pearl-encrusted ring mail
 10953 | D:9      | Found Biva's Antique Armour Shoppe.
 11561 | D:9      | Noticed a two-headed ogre
 11643 | D:9      | Killed a two-headed ogre
 12071 | D:9      | Reached ***** piety under Trog
 12463 | D:9      | Found Revub's Magic Scroll Emporium.
 12471 | D:9      | Reached skill level 12 in Polearms
 12530 | D:9      | Bought a scroll of blinking for 90 gold pieces
 12530 | D:9      | Bought a scroll of identify for 24 gold pieces
 12590 | D:9      | Reached XP level 11. HP: 73/97 MP: 11/11
 12893 | D:9      | Found Pegiurow's General Store.
 13384 | D:9      | Found Wokohorch's Magic Scroll Shop.
 13567 | D:10     | Entered Level 10 of the Dungeon
 13951 | D:10     | Paralysed by a hornet for 2 turns
 13957 | D:10     | Reached skill level 1 in Shields
 14406 | D:10     | Found a sparkling altar of Nemelex Xobeh.
 14755 | D:10     | Noticed a two-headed ogre
 14774 | D:10     | Killed a two-headed ogre
 15674 | D:10     | Killed an unseen horror
 16199 | D:10     | Found a staircase to the Orcish Mines.
 16309 | D:11     | Noticed Snorg
 16309 | D:11     | Noticed Harold
 16417 | D:11     | Noticed a purple ugly thing
 16435 | D:11     | Killed a purple ugly thing
 16807 | D:11     | Reached skill level 10 in Fighting
 17529 | D:11     | Killed Harold
 17850 | D:11     | Killed Snorg
 17850 | D:11     | Reached skill level 13 in Polearms
 18165 | D:11     | Reached skill level 5 in Shields
 18291 | D:11     | Found Woerohie's Weapon Boutique.
 19090 | D:12     | Noticed a red ugly thing
 19168 | D:12     | Reached XP level 12. HP: 56/105 MP: 12/12
 19549 | D:12     | Noticed a boulder beetle
 20261 | Lair:1   | Killed a four-headed hydra
 20261 | Lair:1   | Reached skill level 1 in Throwing
 20388 | Lair:1   | Killed a six-headed hydra
 20756 | Lair:1   | Received a gift from Trog
 20963 | Lair:2   | Noticed a catoblepas
 20979 | Lair:2   | Killed a catoblepas
 21341 | Lair:2   | Noticed a five-headed hydra
 21358 | Lair:2   | Killed a five-headed hydra
 21358 | Lair:2   | Reached skill level 5 in Stealth
 22572 | Lair:2   | Reached skill level 14 in Polearms
 23097 | Lair:3   | You fall into a shaft and drop 2 floors!
 23100 | Lair:5   | Noticed a death yak
 23103 | Lair:5   | Noticed a death yak
 23114 | Lair:5   | Killed a death yak
 23121 | Lair:5   | Killed a death yak
 23213 | Lair:5   | Reached XP level 13. HP: 102/116 MP: 13/13
 23267 | Lair:5   | Found a gate leading to a gauntlet.
 23274 | Gauntlet | Entered a Gauntlet
 23274 | Gauntlet | Found a transporter.
 23274 | Gauntlet | Found a transporter.
 23280 | Gauntlet | Found a transporter.
 23285 | Gauntlet | Found a transporter.
 23288 | Gauntlet | Found a transporter.
 23288 | Gauntlet | Found a transporter.
 23339 | Gauntlet | Found a runed translucent door.
 23339 | Gauntlet | Found a runed translucent door.
 23343 | Gauntlet | Found a transporter.
 23347 | Gauntlet | Found a transporter.
 23355 | Gauntlet | Found a transporter.
 23445 | Gauntlet | Found a transporter.
 23446 | Gauntlet | Found a transporter.
 24165 | Gauntlet | Found a transporter.
 24524 | Gauntlet | Noticed a minotaur
 24535 | Gauntlet | Killed a minotaur
 24557 | Lair:5   | Reached skill level 10 in Dodging
 24623 | Lair:5   | You fall into a shaft and drop 1 floor!
 24623 | Lair:6   | Entered Level 6 of the Lair of Beasts
 25254 | Lair:5   | Received a gift from Trog
 26459 | Lair:4   | Found a staircase to the Snake Pit.
 26734 | Snake:1  | Entered Level 1 of the Snake Pit
 27800 | Snake:1  | Found Caisakly's Book Boutique.
 27800 | Snake:1  | Found Vess's General Store.
 27809 | Snake:1  | Bought a potion of might for 56 gold pieces
 27809 | Snake:1  | Bought a scroll of identify for 28 gold pieces
 27809 | Snake:1  | Bought a scroll of enchant armour for 105 gold pieces
 27809 | Snake:1  | Bought a scroll of identify for 28 gold pieces
 29225 | Snake:1  | Reached skill level 15 in Polearms
 29546 | Snake:2  | Noticed a nagaraja
 29984 | Snake:2  | Reached XP level 14. HP: 109/129 MP: 14/14
 30990 | Snake:2  | Killed a nagaraja
 31901 | Snake:2  | Noticed a nagaraja
 31935 | Snake:2  | HP: 6/130 [mana viper (10)]
 31937 | Snake:2  | Slain by a mana viper

Illustrated notes

Levels and vault maps discovered:
D:1:      dpeg_arrival_arbitrary_b, layout_rooms
D:2:      layout_basic, chequers_temple_overflow_minitemple,
          trog_three_pillars_becter
D:3:      layout_basic, lemuel_crystal_altar
D:4:      layout_basic, vehumet_crystals, serial_shops, shop_statue,
          cheibrodos_ashenzari_chains, uniq_natasha
D:5:      layout_loops_ring, elyvilon_altar_5, minmay_temple_entry_stoned_glass
D:6:      layout_basic, grunt_temple_overflow_gold_and_silver
D:7:      layout_cave_pods, led_sif_pool, minmay_shop_damaged
D:8:      layout_rooms, grunt_temple_overflow_growth_and_decay,
          lemuel_coloured_pillars_altar, lemuel_doored_altar,
          grunt_lair_entry_orc_guard_hut, serial_shops, shop, st_stairs_6
D:9:      layout_layer_cave, serial_shops, shop, nicolae_shop_stone, shop,
          nicolae_shop_behind_doors
D:10:     layout_loops_ring, david_orc_1_choice,
          nemelex_xobeh_ov_fountains_minmay
D:11:     layout_layer_cave, serial_shops, nicolae_shop_stone, minivault_1,
          uniq_snorg, uniq_harold
D:12:     layout_gridville
Lair:1:   layout_long_grid
Lair:2:   layout_cave_pods
Lair:3:   layout_chaotic_city, beast_lair_carwin_10
Lair:4:   layout_gridlike, swamp_mist, minmay_snake_entry_guardpost_small
Lair:5:   layout_loops_ring, gauntlet_entry_generic, beast_lair_carwin_3
Lair:6:   cheibrodos_lair_end_hotspot, layout_cellular_growth,
          nicolae_slime_entry_slimehenge, chequers_serial_rivers_marsh
Snake:1:  layout_grid_maze, minmay_shoptagon, grunt_megastairs_4
Snake:2:  layout_grid_shapes, ebering_ghost_xom, evilmike_ambush
          [evilmike_ambush_outer_corners, evilmike_ambush_inner_wall_1],
          grunt_megastairs_1

Skill      XL: |  1  2  3  4  5  6  7  8  9 10 11 12 13 14 |
---------------+-------------------------------------------+-----
Dodging        | 3 4 5 6 8 9 10 11 | 11.2
Fighting       | 4 5 6 7 9 10 11 13 | 13.7
Polearms       | 4 5 7 8 10 12 13 14 15 | 15.5
Stealth        | 1 2 3 4 5 6 |  6.2
Shields        | 5 6 7 |  7.9
Throwing       | 1 |  1.4
Evocations     | |  0.7

Action                   |  1- 3 |  4- 6 |  7- 9 | 10-12 | 13-15 || total
-------------------------+-------+-------+-------+-------+-------++-------
Melee: Spear             |   107 |    90 |       |       |       ||   197
       Tailslap          |     8 |    21 |    40 |   110 |    80 ||   259
       Trident           |       |    42 |   196 |       |       ||   238
       Demon trident     |       |       |   158 |   773 |   437 ||  1368
Throw: Throwing net      |       |       |       |     5 |       ||     5
Invok: Berserk           |     3 |     8 |    21 |    37 |    33 ||   102
       Trog's Hand       |       |     1 |     2 |     1 |     4 ||     8
       Brothers in Arms  |       |       |       |       |     2 ||     2
Evoke: Lightning rod     |       |       |       |       |     1 ||     1
       Phial of floods   |       |       |       |       |     1 ||     1
  Use: Scroll            |       |     4 |    11 |    32 |     6 ||    53
       Potion            |       |       |     2 |     5 |     5 ||    12
 Stab: Sleeping          |       |     2 |     4 |     3 |       ||     9
       Held in net/web   |       |       |       |     4 |       ||     4
       Distracted        |       |       |       |     2 |     1 ||     3
Armor: Skin              |    30 |    30 |   131 |   192 |    60 ||   443
Dodge: Dodged            |    55 |    88 |   247 |   281 |   212 ||   883
       Repelled          |       |       |       |       |    14 ||    14
Block: Tower shield      |       |       |       |   368 |    66 ||   434

Table legend: (Time is in decaauts)
 A = Elapsed time spent in this place.
 B = Non-inter-level travel time spent in this place.
 C = Inter-level travel time spent in this place.
 D = Time resting spent in this place.
 E = Time spent auto-exploring this place.
 F = Levels seen in this place.
 G = Mean time per level.
                   A        B        C        D        E       F      G
               +--------+--------+--------+--------+--------+-----+--------+
         Total |  32469 |  31784 |    685 |  17035 |   7580 |  21 | 1546.1 |
       Dungeon |  19029 |  18418 |    611 |   9040 |   5101 |  12 | 1585.8 |
          Lair |   6856 |   6817 |     39 |   3668 |   1703 |   6 | 1142.7 |
     Snake Pit |   5298 |   5264 |     34 |   3543 |    775 |   2 | 2649.0 |
      Gauntlet |   1284 |   1284 |      0 |    783 |      0 |   1 | 1284.0 |
               +--------+--------+--------+--------+--------+-----+--------+

Top non-repeatable levels by time:
     D:9: 3335 daAuts
 Snake:1: 2923 daAuts
    D:11: 2681 daAuts
 Snake:2: 2375 daAuts
    D:10: 2196 daAuts
  Lair:1: 2173 daAuts
     D:7: 2034 daAuts
  Lair:2: 2025 daAuts
     D:8: 1702 daAuts
     D:6: 1678 daAuts
     D:4: 1499 daAuts
Gauntlet: 1284 daAuts
  Lair:5: 1084 daAuts
    D:12: 1052 daAuts
     D:5: 847 daAuts
